 Dungeon Crawl Stone Soup version 0.28.0-53-g5a82cb258f (webtiles) character file.

Game seed: 4581206985741321882

2909 jjjjhere the Grappler (level 9, -10/92 HPs)
             Began as a Troll Delver on July 30, 2022.
             Was a Priest of Okawaru.
             Mangled by Harold
             ... wielding a +0 halberd
              (23 damage)
             ... on level 7 of the Dungeon.
             The game lasted 00:08:20 (5014 turns).

jjjjhere the Grappler (Troll Delver)                Turns: 5014, Time: 00:08:20

Health: -10/92     AC:  5    Str: 30    XL:     9   Next: 49%
Magic:  3/8        EV: 10    Int:  6    God:    Okawaru [***...]
Gold:   406        SH:  0    Dex: 13    Spells: 8/8 levels left

rFire   . . .      SeeInvis .     - Unarmed
rCold   . . .      Faith    .   (no shield)
rNeg    . . .      Spirit   .   a - +0 robe
rPois   .          Reflect  .   (helmet restricted)
rElec   .          Harm     .   x - +0 cloak
rCorr   .          Rampage  .   (gloves unavailable)
Will    .....                   (boots unavailable)
Stlth   ++........              (no amulet)
HPRegen 1.05/turn               i - +6 ring of strength
MPRegen 0.11/turn               (no ring)

@: finesse-ful, marked
A: large, unfitting armour, claws 3, regeneration 1, shaggy fur 1, tough skin 1
a: Renounce Religion, Heroism


You were on level 7 of the Dungeon.
You worshipped Okawaru.
Okawaru was most pleased with you.
You visited 2 branches of the dungeon, and saw 8 of its levels.

You collected 406 gold pieces.

Inventory:

Missiles
 g - 74 stones (quivered)
 s - 10 boomerangs
 y - 6 poisoned darts
Armour
 a - a +0 robe (worn)
 x - a +0 cloak (worn)
Jewellery
 i - a +6 ring of strength (left claw)
Wands
 f - a wand of digging (3)
 u - a wand of flame (19)
 B - a wand of iceblast (14)
Scrolls
 b - 2 scrolls of fog
 c - 2 scrolls of magic mapping
 d - 3 scrolls of fear
 k - 3 scrolls of blinking
 m - a scroll of brand weapon {unknown}
 p - a scroll of amnesia {unknown}
 t - 3 scrolls of enchant weapon {unknown}
Potions
 e - a potion of haste
 h - a potion of brilliance
 j - a potion of berserk rage
 l - a potion of lignification {unknown}
 n - 4 potions of curing
 o - a potion of heal wounds
 q - 2 potions of resistance
 r - 4 potions of flight
 v - a potion of ambrosia {unknown}
 w - a potion of invisibility {unknown}
 z - a potion of attraction {unknown}
 A - a potion of cancellation {unknown}


   Skills:
 + Level 6.8 Fighting
 - Level 1.5 Dodging
 - Level 2.7 Stealth
 * Level 11.0 Unarmed Combat


You had 8 spell levels left.
You didn't know any spells.
Your spell library contained the following spells:

 Spells                   Type           Power      Damage    Failure   Level
 Foxfire                  Conj/Fire      0%         2x1d4     45%         1
 Sandblast                Erth           0%         2d4       45%         1
 Ensorcelled Hibernation  Hex/Ice        0%         N/A       58%         2
 Passwall                 Tmut/Erth      0%         N/A       58%         2
 Conjure Flame            Conj/Fire      0%         6-21      83%         3
 Inner Flame              Hex/Fire       0%         N/A       83%         3
 Stone Arrow              Conj/Erth      0%         3d7       83%         3
 Swiftness                Air            0%         N/A       83%         3
 Flame Wave               Conj/Fire      0%         2d4       99%         4


Dungeon Overview and Level Annotations

Branches:
Dungeon (7/15)             Temple (1/1) D:4

Altars:
Elyvilon
Fedhas
Kikubaaqudgha
Okawaru
Trog
Wu Jian

Shops:
D:7 :

Annotations:
D:5 1 runed translucent door, Crazy Yiuf
D:7 Harold


Innate Abilities, Weirdness & Mutations

You are too large for most types of armour.
You have claws for hands.
Your natural rate of healing is unusually fast.
You are covered in fur. (AC +1)
You have tough skin. (AC +1)


Message History

The harpoon shot hits you!
You are yanked forward by the harpoon shot.
Unknown command.
You scratch Harold but do no damage. You scratch Harold. You claw Harold!
Harold is moderately wounded.
The white imp hits you. The white imp freezes you. Harold barely misses you.
You scratch Harold.
Harold is moderately wounded.
The white imp gestures at you. The puff of frost hits you.
Harold points at you and mumbles some strange words.
A sentinel's mark forms upon you.
You scratch Harold.
Harold is moderately wounded.
The white imp completely misses you.
Harold considers, "I think I'll use your bounty to get a cattle farm..."
Harold hits you with a +0 halberd!!
You scratch Harold but do no damage.
Harold is moderately wounded.
The white imp hits you but does no damage.
Harold hits you with a +0 halberd!!
* * * LOW HITPOINT WARNING * * *
You claw Harold!
Harold is heavily wounded.
You fail to use your ability.
The white imp shouts, "Give up, thou peeagling two-tin-hat dandiprat!"
The white imp gestures at you. The puff of frost hits you!
* * * LOW HITPOINT WARNING * * *
Harold points at you and mumbles some strange words.
The mark upon you grows brighter.
You can now deal lightning-fast blows.
You can no longer speed up your combat.
The white imp barely misses you. Harold hits you with a +0 halberd!
* * * LOW HITPOINT WARNING * * *
You claw Harold!
Harold is severely wounded.
The white imp closely misses you. Harold hits you with a +0 halberd!!
You die...

...##### ####
.#.### #.. ......
#.#
##############.#
...............####
##############....#
#..?.+ #####....#
......5@.#
........@#
.........#
..........
.........##
########## ########
.......#


You could see Harold and a white imp.

Vanquished Creatures
  Sigmund (D:3)
  5 yaks (D:6)
  A water moccasin (D:6)
  2 black bears (D:5)
  A necrophage (D:6)
  3 centaurs
  A phantom (D:6)
  2 bullfrogs (D:6)
  A wyvern zombie (D:6)
  A water moccasin skeleton (D:5)
  2 wights (D:6)
  3 bullfrog zombies
  2 centaur zombies (D:6)
  2 hounds
  A jelly (D:5)
  A bullfrog skeleton (D:6)
  An orc priest (D:4)
  A centaur skeleton (D:5)
  An iguana (D:6)
  Natasha (thrice) (D:3)
  3 orc wizards
  2 killer bee zombies
  A howler monkey zombie (D:6)
  6 adders
  A white imp (D:4)
  2 worms (D:2)
  A dart slug (D:4)
  9 orcs
  4 ball pythons
  5 bats
  10 endoplasms
  6 giant cockroaches
  12 goblins
  7 hobgoblins
  4 jackals (D:3)
  5 kobolds
  A quokka (D:2)
  5 frilled lizards
  7 rats
126 creatures vanquished.

Notes
Turn   | Place    | Note
-------+----------+-------------------------------------------
     0 | D:5      | jjjjhere the Troll Delver began the quest for the Orb.
     0 | D:5      | Reached XP level 1. HP: 22/22 MP: 0/0
    15 | D:5      | Noticed a black bear
    97 | D:5      | Noticed a hound
   129 | D:5      | Noticed a jelly
   136 | D:5      | Killed a jelly
   137 | D:5      | Reached skill level 3 in Unarmed Combat
   137 | D:5      | Reached XP level 2. HP: 29/29 MP: 1/1
   137 | D:5      | Reached XP level 3. HP: 36/36 MP: 2/2
   162 | D:5      | Noticed a centaur
   182 | D:5      | Killed a centaur
   183 | D:5      | Reached XP level 4. HP: 19/45 MP: 3/3
   244 | D:5      | Noticed a black bear
   292 | D:5      | Reached skill level 4 in Unarmed Combat
   292 | D:5      | Reached XP level 5. HP: 44/53 MP: 4/4
   296 | D:5      | Killed a black bear
   353 | D:5      | Reached skill level 5 in Unarmed Combat
   383 | D:4      | Found a staircase to the Ecumenical Temple.
   394 | Temple   | Entered the Ecumenical Temple
   408 | Temple   | Became a worshipper of Warmaster Okawaru
   477 | D:3      | Noticed Sigmund
   506 | D:3      | HP: 15/54 [something (10)]
   513 | D:3      | HP: 13/54 [something (6)]
   515 | D:3      | Killed Sigmund
   515 | D:3      | Reached * piety under Okawaru
   516 | D:3      | Reached skill level 6 in Unarmed Combat
   516 | D:3      | Reached XP level 6. HP: 18/62 MP: 5/5
   857 | D:1      | Found a faded altar of an unknown god.
  1812 | D:3      | Noticed Natasha
  1823 | D:3      | Killed Natasha
  1824 | D:3      | Reached XP level 7. HP: 47/70 MP: 6/6
  1840 | D:3      | Noticed Natasha
  1851 | D:3      | Killed Natasha
  1957 | D:3      | Noticed Natasha
  1968 | D:3      | Killed Natasha
  2399 | D:4      | You fall into a shaft and drop 3 floors!
  2442 | D:6      | Reached skill level 7 in Unarmed Combat
  2918 | D:4      | Reached skill level 5 in Fighting
  3239 | D:5      | Found a runed translucent door.
  3240 | D:5      | Noticed Crazy Yiuf
  3285 | D:5      | Reached ** piety under Okawaru
  3286 | D:5      | Reached XP level 8. HP: 80/80 MP: 7/7
  3387 | D:5      | Reached skill level 8 in Unarmed Combat
  3808 | D:6      | Reached skill level 9 in Unarmed Combat
  3811 | D:6      | Reached *** piety under Okawaru
  3818 | D:6      | HP: 22/83 [yak (10)]
  3820 | D:6      | Reached XP level 9. HP: 24/89 MP: 8/8
  3822 | D:6      | Reached skill level 10 in Unarmed Combat
  4235 | D:6      | Reached **** piety under Okawaru
  4840 | D:7      | Reached skill level 11 in Unarmed Combat
  4920 | D:7      | Found Rukley Filu's Book Shoppe.
  5004 | D:7      | Noticed Harold
  5010 | D:7      | HP: 27/92 [Harold/+0 halberd (21)]
  5013 | D:7      | HP: 13/92 [Harold/+0 halberd (10)]
  5014 | D:7      | Mangled by Harold

Illustrated notes

Levels and vault maps discovered:
D:1:      tarquinn_simple_flora_water_c, layout_basic, basic_ecumenical_altar
D:2:      layout_basic, minmay_surrounded
D:3:      minmay_recursive_quarters, layout_basic, uniq_sigmund, uniq_natasha
D:4:      layout_cave_pools, minmay_temple_entry_large_hall,
          chequers_serial_rivers_room_a
D:5:      layout_basic, uniq_crazy_yiuf_cottage
D:6:      layout_cave_pods, chequers_serial_rivers_micro_c
D:7:      kennysheep_seaside_town, layout_basic, serial_shops, kennysheep_mini,
          shop, uniq_maggie, uniq_harold
Temple:   regret_index_temple_chain_breaker

Skill      XL: |  1  2  3  4  5  6  7  8  9 |
---------------+----------------------------+-----
Unarmed Combat | 3 4 6 7 9 11 | 11.0
Fighting       | 3 4 5 6 |  6.8
Dodging        | |  1.5
Stealth        | |  2.7

Action                   |  1- 3 |  4- 6 |  7- 9 || total
-------------------------+-------+-------+-------++-------
Melee: Unarmed           |    11 |   142 |   194 ||   347
       Punch             |       |       |    10 ||    10
Throw: Stone             |     5 |       |       ||     5
Invok: Finesse           |       |       |     1 ||     1
  Use: Scroll            |       |       |     9 ||     9
 Stab: Sleeping          |       |     7 |     4 ||    11
       Distracted        |       |     1 |       ||     1
Armor: Robe              |    15 |    38 |    57 ||   110
Dodge: Dodged            |     6 |    58 |   102 ||   166
